[Event "Titled Tuesday Blitz July 4 Early 2023"]
[White "Czerw, Dawid"]
[Black "Makarian, Rudik"]
[WhiteFideId "1145746"]
[BlackFideId "44105681"]
[WhiteElo "2608"]
[BlackElo "3001"]
[Result "0-1"]
[Round "2"]
[TimeControl "180+2"]
[Date "2023.07.04"]
[WhiteClock "0:00:04"]
[BlackClock "0:00:04"]
[Board "14"]

1. e4 c5 2. Nf3 Nc6 3. d4 cxd4 4. Nxd4 e6 5. Nc3 a6 6. Be3 Nf6 7. f3 b5 8. Nxc6 dxc6 9. Qxd8+ Kxd8 10. O-O-O+ Kc7 11. g4 e5 12. Be2 Be6 13. a3 Be7 14. Nb1 h5 15. g5 Nh7 16. h4 Nf8 17. f4 exf4 18. Bxf4+ Kb7 19. Nd2 Ng6 20. Bg3 Rad8 21. Nb3 c5 22. c4 Kb6 23. Rxd8 Rxd8 24. Nd2 Rh8 25. e5 Bd8 26. Ne4 Ne7 27. Bf2 Kc6 28. Bf3 Bxc4 29. Nxc5+ Bd5 30. Bxd5+ Nxd5 31. Nxa6 Be7 32. Rd1 Nf4 33. Nb4+ Bxb4 34. axb4 Re8 35. Rd6+ Kc7 36. Bb6+ Kb7 37. Bc5 Rxe5 38. Rd7+ Kc6 39. Rxf7 Ne6 40. Bf8 Nxf8 41. Rxf8 Re4 42. Rf7 Rc4+ 43. Kb1 Rxh4 44. Rxg7 Rg4 45. Rh7 h4 46. g6 Rxb4 47. g7 Rg4 48. Rh6+ Kc5 49. Rh5+ Kb6 50. Rh6+ Ka5 51. Rxh4 Rxg7 52. Rh2 Ka4 53. Kc2 Rc7+ 54. Kb1 b4 55. Rh8 Rg7 56. Ra8+ Kb3 57. Rc8 Rg1+ 58. Rc1 Rg2 59. Rh1 Rxb2+ 60. Kc1 Ka2 61. Rh8 Rb1+ 62. Kc2 b3+ 63. Kc3 Rc1+ 64. Kd2 Rc2+ 65. Kd1 Kb2 66. Rb8 Rc7 67. Kd2 Rd7+ 68. Ke2 Kc2 69. Rb7 Rxb7 0-1


[Site "https://www.chess.com"]

[Event "Titled Tuesday Blitz July 4 Early 2023"]
[White "Vovk, Orest"]
[Black "Kramnik, Vladimir"]
[WhiteFideId "14113490"]
[BlackFideId "4101588"]
[WhiteElo "2607"]
[BlackElo "2993"]
[Result "0-1"]
[Round "2"]
[TimeControl "180+2"]
[Date "2023.07.04"]
[WhiteClock "0:00:00"]
[BlackClock "0:00:20"]
[Board "15"]

1. g4 d5 2. Bg2 c6 3. h3 e5 4. d4 e4 5. c4 h5 6. Nc3 hxg4 7. cxd5 cxd5 8. Qb3 gxh3 9. Bxh3 Bxh3 10. Rxh3 Rxh3 11. Nxh3 Nc6 12. Qxb7 Nb4 13. Qb5+ Qd7 14. Qxd7+ Kxd7 15. Kd1 Ne7 16. a3 Nbc6 17. e3 Na5 18. Nf4 Nb3 19. Rb1 Kc6 20. Kc2 Rb8 21. Bd2 g5 22. Nh5 f5 23. Na2 Nxd2 24. Kxd2 Ng6 25. b4 Be7 26. Ng7 Nh4 27. Ne6 Nf3+ 28. Ke2 Rh8 29. Rc1+ Kd7 30. Nc5+ Bxc5 31. Rxc5 g4 32. Rxd5+ Ke6 33. Rc5 g3 34. fxg3 Rh2+ 35. Kf1 Rxa2 36. Ra5 Nd2+ 37. Kg1 Nc4 38. Ra6+ Kd5 39. Rxa7 Nxe3 40. b5 Rg2+ 41. Kh1 Rxg3 42. b6 Kc6 43. b7 Kc7 44. a4 f4 45. a5 f3 46. a6 f2 0-1


[Site "https://www.chess.com"]

[Event "Titled Tuesday Blitz July 4 Early 2023"]
[White "Paravyan, David"]
[Black "Subelj, Jan"]
[WhiteFideId "4194985"]
[BlackFideId "14618583"]
[WhiteElo "2991"]
[BlackElo "2605"]
[Result "1/2-1/2"]
[Round "2"]
[TimeControl "180+2"]
[Date "2023.07.04"]
[WhiteClock "0:00:45"]
[BlackClock "0:00:05"]
[Board "16"]

1. e4 d6 2. d4 Nf6 3. Nc3 e5 4. Nf3 Nbd7 5. Bc4 Be7 6. O-O O-O 7. Re1 c6 8. a4 b6 9. h3 Qc7 10. Be3 Bb7 11. Ba2 a6 12. Nh4 Rfe8 13. Nf5 Bf8 14. dxe5 Nxe5 15. Bg5 Nfd7 16. f4 Ng6 17. Qh5 Nc5 18. Re3 Ne6 19. Rf1 d5 20. e5 d4 21. Ne4 dxe3 22. Nf6+ gxf6 23. Bxf6 e2 24. Re1 c5 25. Rxe2 c4 26. Nh6+ Bxh6 27. Qxh6 Ngxf4 28. Rf2 Qc5 29. Qh4 Ng6 30. Qg3 b5 31. h4 h5 32. b4 Qd4 33. c3 Qd1+ 34. Kh2 Qg4 35. Qe3 Rad8 36. Bb1 Rd1 37. Bf5 Rd3 38. Bxd3 cxd3 39. Qxd3 Nxh4 40. Qe3 Ng6 41. Qh6 h4 42. axb5 Qg3+ 43. Kg1 h3 44. bxa6 h2+ 45. Qxh2 Qxh2+ 46. Kxh2 Bxa6 47. Ra2 Bc4 48. Ra7 Nef4 49. Rc7 Be6 50. c4 Nd3 51. b5 Ndxe5 52. b6 Rb8 53. c5 Nd7 54. Bd4 Ne7 55. b7 Kf8 56. c6 Nxc6 57. Rxc6 Rxb7 58. Rc2 Ke7 59. Be3 Rb5 60. Bf4 Rd5 61. Kg1 f6 62. Rb2 Nf8 63. Rb7+ Rd7 64. Rb6 Ng6 65. Be3 Kf7 66. Rb1 Rd3 67. Kf2 Bf5 68. Rb7+ Rd7 69. Rb5 Ne5 70. Bh6 Kg6 71. Bf8 Kf7 72. Ba3 Rd2+ 73. Kg1 Be4 74. Bb2 Rxg2+ 75. Kf1 Bd3+ 76. Kxg2 Bxb5 77. Kg3 Ke6 78. Ba1 f5 79. Bc3 Bc6 80. Bd2 Nd3 81. Be3 Kd5 82. Bd2 Ke4 83. Bg5 Ne5 84. Bc1 Ng6 85. Bd2 Bd5 86. Bc1 Bc4 87. Bd2 Bd3 88. Bc1 Bc2 89. Bd2 Bb1 90. Bc1 Ba2 91. Bd2 Bb3 92. Bc1 Bc4 93. Bd2 Bf7 94. Bc1 Bg8 95. Bd2 Bh7 96. Bc1 f4+ 97. Bxf4 Nxf4 98. Kg4 Bf5+ 99. Kg5 Ke5 100. Kh6 Bb1 101. Kg5 Bc2 102. Kh6 Kf5 103. Kg7 Ne6+ 104. Kf7 Ke5 105. Kg8 Bg6 106. Kh8 Kf6 107. Kg8 Ng5 108. Kf8 Bh5 109. Kg8 Bf7+ 110. Kh8 Bg6 111. Kg8 Bb1 112. Kh8 Nf7+ 113. Kg8 Bc2 114. Kf8 Bh7 115. Ke8 Ne5 116. Kd8 Kg7 117. Kc7 Kf6 118. Kd6 Nf7+ 119. Kd5 Kf5 120. Kd4 Ne5 121. Kd5 Kf6 122. Kd4 Bf5 123. Kd5 Be6+ 124. Kd4 Ng4 125. Ke4 Bf5+ 126. Kf4 Ne5 127. Ke3 Ke6 128. Kd4 Ng6 129. Kc5 Ke5 130. Kc4 Nf4 131. Kc5 Nd5 132. Kc4 Be4 133. Kb3 Bd3 134. Kb2 Kd4 135. Kb3 Bc4+ 136. Kb2 Ne3 137. Kb1 Kc3 138. Ka1 Bb3 139. Kb1 Nc2 140. Kc1 Ba2 141. Kd1 Nd4 142. Ke1 Kd3 143. Kf2 Ne2 144. Kf3 Be6 145. Kf2 Bd5 146. Ke1 Ke3 147. Kd1 Bb3+ 1/2-1/2


[Site "https://www.chess.com"]

[Event "Titled Tuesday Blitz July 4 Early 2023"]
[White "Filgueira, Hernan"]
[Black "Terry, Renato"]
[WhiteFideId "101770"]
[BlackFideId "3803457"]
[WhiteElo "2604"]
[BlackElo "2990"]
[Result "0-1"]
[Round "2"]
[TimeControl "180+2"]
[Date "2023.07.04"]
[WhiteClock "0:00:00"]
[BlackClock "0:00:23"]
[Board "17"]

1. e4 e6 2. d4 d5 3. Nd2 Be7 4. Ngf3 Nf6 5. e5 Nfd7 6. c3 c5 7. Bd3 Nc6 8. O-O g5 9. h3 h5 10. dxc5 g4 11. hxg4 hxg4 12. Nd4 Ndxe5 13. Bb5 Bxc5 14. g3 Bd7 15. Bxc6 bxc6 16. Qe2 Qf6 17. f4 gxf3 18. Nxf3 Nxf3+ 19. Rxf3 Qg7 20. Bf4 f6 21. b4 Bb6 22. Re3 e5 23. Rf1 O-O-O 24. Rxe5 Kb7 25. Re7 Qg6 26. Qe6 Bxd4+ 27. cxd4 Rh7 28. b5 Ka8 29. Qd6 Rxe7 30. Qxe7 Qe8 0-1


[Site "https://www.chess.com"]

[Event "Titled Tuesday Blitz July 4 Early 2023"]
[White "Oparin, Grigoriy"]
[Black "MKlose11"]
[WhiteFideId "24125890"]
[WhiteElo "2980"]
[BlackElo "2603"]
[Result "1-0"]
[Round "2"]
[TimeControl "180+2"]
[Date "2023.07.04"]
[WhiteClock "0:02:10"]
[BlackClock "0:01:20"]
[Board "18"]

1. e4 e6 2. d4 d5 3. Nc3 Bb4 4. Ne2 dxe4 5. a3 Bxc3+ 6. Nxc3 Nc6 7. Bb5 Ne7 8. Bg5 f6 9. Be3 f5 10. Qd2 O-O 11. O-O-O a6 12. Bxc6 Nxc6 13. f3 exf3 14. gxf3 Ne7 15. Bg5 Qd7 16. Rhg1 Nd5 17. Bh6 Rf7 18. Nxd5 exd5 19. Rde1 Qc6 20. Qg5 Qg6 21. Re8+ Rf8 22. Rxf8+ Kxf8 23. Qd8+ Qe8 24. Bxg7+ Kf7 25. Qf6+ 1-0


[Site "https://www.chess.com"]

[Event "Titled Tuesday Blitz July 4 Early 2023"]
[White "Gunduz, Umut Erdem"]
[Black "Korobov, Anton"]
[WhiteFideId "6381383"]
[BlackFideId "14105730"]
[WhiteElo "2602"]
[BlackElo "2977"]
[Result "0-1"]
[Round "2"]
[TimeControl "180+2"]
[Date "2023.07.04"]
[WhiteClock "0:00:00"]
[BlackClock "0:00:53"]
[Board "19"]

1. e4 c5 2. Nf3 d6 3. d4 cxd4 4. Nxd4 Nf6 5. Nc3 a6 6. Bg5 Nbd7 7. Qe2 e6 8. f4 Qc7 9. O-O-O b5 10. Nd5 exd5 11. exd5+ Be7 12. Nc6 Nb8 13. Bxf6 gxf6 14. Re1 Nxc6 15. dxc6 Ra7 16. Qf3 f5 17. h3 Qa5 18. Bd3 Qxa2 19. Qe3 Qa1+ 20. Kd2 Qa5+ 21. c3 Qc7 22. g4 Rg8 23. g5 Kd8 24. Rh2 Be6 25. Rhe2 Re8 26. h4 Ra8 27. Qf3 Rc8 28. Qh3 Qxc6 29. Kc1 b4 30. Rc2 Qa4 31. Bxf5 b3 32. Bxe6 fxe6 33. Rce2 Qa1+ 0-1


[Site "https://www.chess.com"]

[Event "Titled Tuesday Blitz July 4 Early 2023"]
[White "Indjic, Aleksandar"]
[Black "Marosi, Levente"]
[WhiteFideId "911925"]
[BlackFideId "747181"]
[WhiteElo "2972"]
[BlackElo "2601"]
[Result "1-0"]
[Round "2"]
[TimeControl "180+2"]
[Date "2023.07.04"]
[WhiteClock "0:00:37"]
[BlackClock "0:00:09"]
[Board "20"]

1. d4 Nf6 2. c4 g6 3. f3 Bg7 4. e4 d6 5. Ne2 O-O 6. Be3 c5 7. d5 e6 8. Nec3 exd5 9. cxd5 Re8 10. Nd2 b6 11. a4 Ba6 12. Bb5 Nfd7 13. O-O Bxb5 14. axb5 a5 15. Bf4 Ne5 16. Bg3 Qc7 17. Qe2 c4 18. Bxe5 Bxe5 19. Nxc4 Bxc3 20. bxc3 Nd7 21. Ne3 Qxc3 22. Rac1 Qe5 23. Rc6 Rab8 24. Kh1 Nc5 25. Nc4 Qd4 26. Rd1 Qc3 27. Nxd6 Red8 28. Nc4 a4 29. Nxb6 Qa5 30. Rxc5 Rxb6 31. Qd2 Qxd2 32. Rxd2 a3 33. Ra2 Ra8 34. h3 f5 35. e5 Kf7 36. Kh2 Ra5 37. Rc7+ Kf8 38. d6 Raxb5 39. Rc8+ Kf7 40. d7 1-0


[Site "https://www.chess.com"]

[Event "Titled Tuesday Blitz July 4 Early 2023"]
[White "ATM622"]
[Black "Kollars, Dmitrij"]
[BlackFideId "12909572"]
[WhiteElo "2592"]
[BlackElo "2953"]
[Result "0-1"]
[Round "2"]
[TimeControl "180+2"]
[Date "2023.07.04"]
[WhiteClock "0:00:48"]
[BlackClock "0:01:12"]
[Board "21"]

1. d4 Nf6 2. c4 e6 3. g3 c5 4. d5 exd5 5. cxd5 d6 6. Bg2 g6 7. Nf3 Bg7 8. O-O O-O 9. Nc3 Re8 10. Nd2 Nbd7 11. Nc4 Ne5 12. Nxe5 Rxe5 13. e4 Re8 14. Re1 Ng4 15. h3 Ne5 16. f4 Nc4 17. Bf1 Na5 18. Be3 a6 19. e5 dxe5 20. Bxc5 exf4 21. gxf4 Rxe1 22. Qxe1 Bf5 23. Rd1 Rc8 24. Qf2 Qd7 25. h4 b5 26. Re1 Bxc3 27. bxc3 Qxd5 28. Bd4 Be4 29. Bh3 f5 30. h5 Nc6 31. Bf6 Kf7 32. Bh4 gxh5 33. Kh2 Rg8 34. Qe2 Rg6 35. Qxh5 Qd2+ 36. Re2 Qxf4+ 0-1


[Site "https://www.chess.com"]

[Event "Titled Tuesday Blitz July 4 Early 2023"]
[White "Domingo Nunez, Ruben"]
[Black "Matlakov, Maxim"]
[WhiteFideId "22245570"]
[BlackFideId "4168003"]
[WhiteElo "2590"]
[BlackElo "2939"]
[Result "1-0"]
[Round "2"]
[TimeControl "180+2"]
[Date "2023.07.04"]
[WhiteClock "0:00:37"]
[BlackClock "0:01:34"]
[Board "22"]

1. Nf3 c5 2. c4 Nc6 3. Nc3 g6 4. g3 Bg7 5. Bg2 d6 6. O-O Bf5 7. a3 Qd7 8. b4 Bh3 9. Bb2 Bxg2 10. Kxg2 cxb4 11. axb4 Nxb4 12. d4 Nc6 13. d5 Ne5 14. Nxe5 Bxe5 15. Qb3 Nf6 16. f4 Bd4 17. Rfd1 Bxc3 18. Qxc3 O-O 19. e4 Rac8 20. e5 Ne4 21. Qd4 Qf5 22. exd6 f6 23. dxe7 Rfe8 24. d6 Nxd6 25. Qxd6 Rxc4 26. Qxf6 Rc2+ 27. Kg1 Qxf6 28. Bxf6 Kf7 29. Rd8 Rc8 30. Bh4 a6 31. Rb1 b5 32. Ra1 Ra8 33. Rxe8 Kxe8 34. Rd1 Kf7 35. Rd8 Ke6 36. e8=Q+ Kf5 37. Qd7+ Ke4 38. Re8+ Kf3 39. Qd1# 1-0


[Site "https://www.chess.com"]

[Event "Titled Tuesday Blitz July 4 Early 2023"]
[White "Ovchinnikov, Vsevolod"]
[Black "Chigaev, Maksim"]
[WhiteFideId "24176842"]
[BlackFideId "4108116"]
[WhiteElo "2589"]
[BlackElo "2929"]
[Result "0-1"]
[Round "2"]
[TimeControl "180+2"]
[Date "2023.07.04"]
[WhiteClock "0:00:28"]
[BlackClock "0:00:33"]
[Board "23"]

1. Nf3 Nf6 2. c4 b6 3. g3 Bb7 4. Bg2 g6 5. O-O Bg7 6. Nc3 O-O 7. d4 Ne4 8. Bd2 e6 9. Nxe4 Bxe4 10. Bc3 d5 11. Qb3 a5 12. cxd5 exd5 13. Rac1 Re8 14. e3 Nd7 15. Nd2 Bxg2 16. Kxg2 Nf6 17. Qb5 h5 18. h3 Re6 19. b3 c6 20. Qe2 Qd7 21. Rc2 Rae8 22. Bb2 Ne4 23. Nxe4 Rxe4 24. Qf3 R8e6 25. Rfc1 f5 26. h4 Bh6 27. Rc3 Bg7 28. R3c2 Bf6 29. Rh1 Kf7 30. Rd2 Ke8 31. Qe2 f4 32. gxf4 Rxf4 33. exf4 Rxe2 34. Rxe2+ Kf7 35. f3 Qf5 36. Kg3 Be7 37. Re5 Qc2 38. Rh2 Qb1 39. Bc3 Bd6 40. Re1 Qd3 41. Rc1 Qe3 42. Bd2 Bxf4+ 0-1


[Site "https://www.chess.com"]

[Event "Titled Tuesday Blitz July 4 Early 2023"]
[White "Arat, Ufuk Sezen"]
[Black "Lenderman, Aleksandr"]
[WhiteFideId "6309089"]
[BlackFideId "2021285"]
[WhiteElo "2588"]
[BlackElo "2920"]
[Result "0-1"]
[Round "2"]
[TimeControl "180+2"]
[Date "2023.07.04"]
[WhiteClock "0:00:04"]
[BlackClock "0:01:27"]
[Board "24"]

1. e4 c6 2. d4 g6 3. f4 d5 4. e5 h5 5. Nf3 Nh6 6. Bd3 Bg4 7. h3 Bf5 8. Be3 e6 9. Qe2 Bxd3 10. Qxd3 Nf5 11. Bf2 h4 12. Nc3 Nd7 13. Ne2 c5 14. dxc5 Qa5+ 15. c3 Bxc5 16. Ned4 Bxd4 17. Bxd4 Nc5 18. Bxc5 Qxc5 19. Nd4 Nxd4 20. Qxd4 Qxd4 21. cxd4 Rc8 22. Kd2 Rc4 23. Kd3 Kd7 24. Rac1 Rhc8 25. Rc3 Ra4 26. Rxc8 Kxc8 27. Rc1+ Kd7 28. a3 b5 29. Rc3 b4 30. Rb3 a5 31. axb4 axb4 32. Kc2 Kc6 33. Kb1 Kb5 34. Rd3 Kc4 35. Rd1 Ra7 36. Kc2 b3+ 37. Kb1 Ra8 38. Rd2 Rh8 39. Rd1 Rh5 40. Rc1+ Kxd4 41. Rc3 Rf5 42. Rxb3 Rxf4 43. Rb4+ Kxe5 44. Rxf4 Kxf4 45. Kc2 Ke5 46. Kd3 Kd6 47. Ke3 e5 48. Kf3 f5 49. g4 Kc5 50. Ke3 Kb4 0-1


[Site "https://www.chess.com"]

[Event "Titled Tuesday Blitz July 4 Early 2023"]
[White "Sanal, Vahap"]
[Black "Ince, Taylan Ruzgar"]
[WhiteFideId "6300545"]
[BlackFideId "44513089"]
[WhiteElo "2917"]
[BlackElo "2588"]
[Result "1-0"]
[Round "2"]
[TimeControl "180+2"]
[Date "2023.07.04"]
[WhiteClock "0:00:04"]
[BlackClock "0:00:04"]
[Board "25"]

1. e4 e6 2. d3 c5 3. Nf3 Nc6 4. Nbd2 g6 5. g3 Bg7 6. Bg2 Nge7 7. O-O O-O 8. Re1 d6 9. c3 h6 10. Nb3 e5 11. d4 exd4 12. cxd4 c4 13. Nbd2 d5 14. e5 b5 15. Nf1 Be6 16. Ne3 a5 17. h3 Nf5 18. Nxf5 Bxf5 19. Be3 Qd7 20. g4 Be4 21. Qd2 Kh7 22. Nh4 Bxg2 23. Nxg2 Nb4 24. Nf4 Rae8 25. a3 Nc6 26. Ng2 f6 27. f4 fxe5 28. fxe5 Rf3 29. Nf4 g5 30. e6 Qd6 31. Nh5 Rxh3 32. Qg2 Rxe3 33. Rxe3 Bxd4 34. Kh1 Bxe3 35. Nf6+ Kg6 36. Nxe8 Qe5 37. Qc2+ Qe4+ 38. Qxe4+ dxe4 39. Nd6 Kf6 40. Re1 Kxe6 41. Nxb5 Bf4 42. Rxe4+ Ne5 43. Kg2 Kd5 44. Nc3+ Kc5 45. Kh3 Nd3 46. Re2 Bc1 47. Rc2 Bf4 48. Re2 Bc1 49. Rc2 Bf4 50. Ne2 Be5 51. b3 c3 52. Nxc3 Ne1 53. Na4+ Kd4 54. Rc4+ Ke3 55. Nc5 Nf3 56. Kg2 Nh4+ 57. Kf1 Bg3 58. Rc3+ Kf4 59. Rc4+ Kf3 60. b4 axb4 61. Rxb4 Ng2 62. a4 Ne3+ 63. Kg1 Bf2+ 64. Kh1 Nxg4 65. Nd3 Be3 66. a5 Nf6 67. a6 g4 68. Ne5+ Ke2 69. Nxg4 Nxg4 70. Rxg4 Kd3 71. Rg7 1-0


[Site "https://www.chess.com"]

[Event "Titled Tuesday Blitz July 4 Early 2023"]
[White "Ezat, Mohamed"]
[Black "Svane, Rasmus"]
[WhiteFideId "10600906"]
[BlackFideId "4657101"]
[WhiteElo "2586"]
[BlackElo "2917"]
[Result "0-1"]
[Round "2"]
[TimeControl "180+2"]
[Date "2023.07.04"]
[WhiteClock "0:00:05"]
[BlackClock "0:00:45"]
[Board "26"]

1. d4 Nf6 2. c4 e6 3. Nc3 Bb4 4. e3 c5 5. a3 Bxc3+ 6. bxc3 d6 7. Bd3 Nc6 8. Ne2 O-O 9. O-O b6 10. e4 Ne8 11. Ng3 cxd4 12. cxd4 Nxd4 13. f4 e5 14. Bb2 Qc7 15. Bxd4 exd4 16. Kh1 Nf6 17. h3 Re8 18. Re1 Bb7 19. Ra2 Qc5 20. Qc1 Re6 21. Rae2 Rae8 22. Qb2 g6 23. a4 h5 24. Qc2 h4 25. Nf1 Bc6 26. e5 dxe5 27. f5 R6e7 28. fxg6 e4 29. gxf7+ Rxf7 30. Nh2 exd3 31. Rxe8+ Nxe8 32. Qxd3 Qg5 33. Ng4 Nf6 34. Re5 Qc1+ 35. Kh2 Nxg4+ 36. hxg4 Qf4+ 37. g3 Qxe5 38. Qg6+ Kf8 39. Qxc6 Rf2+ 40. Kh1 Qe1# 0-1


[Site "https://www.chess.com"]

[Event "Titled Tuesday Blitz July 4 Early 2023"]
[White "Ibarra Jerez, Jose Carlos"]
[Black "Pinheiro, Iung Alicio de O."]
[WhiteFideId "2226332"]
[BlackFideId "2104350"]
[WhiteElo "2916"]
[BlackElo "2583"]
[Result "1-0"]
[Round "2"]
[TimeControl "180+2"]
[Date "2023.07.04"]
[WhiteClock "0:00:06"]
[BlackClock "0:00:04"]
[Board "27"]

1. e4 e5 2. Nf3 Nc6 3. Bb5 a6 4. Bxc6 dxc6 5. O-O Bg4 6. h3 h5 7. d3 Qf6 8. Nbd2 g5 9. Nc4 Bd6 10. hxg4 hxg4 11. Nxg5 Qh6 12. Nh3 Qh4 13. Bg5 Qh5 14. Bd2 Ne7 15. Ne3 gxh3 16. Qxh5 Rxh5 17. g3 O-O-O 18. Kh2 Rf8 19. Rae1 Bc5 20. g4 Rh7 21. Nf5 Ng6 22. Be3 Bd6 23. Kg3 h2 24. Rh1 Rfh8 25. Kg2 Kd7 26. Bg5 Ke6 27. c3 f6 28. Be3 c5 29. f3 b6 30. Re2 a5 31. Bd2 a4 32. Kf1 Rh3 33. Rf2 Kf7 34. Ke2 R3h7 35. Be3 Bf8 36. Kd2 Bd6 37. Kc2 Rh3 38. Bd2 R3h7 39. Ng3 Rh3 40. Nf5 R3h7 41. Bc1 Ke6 42. Kd1 Kf7 43. Ke2 Bf8 44. Bd2 Bd6 45. Ng3 Rh3 46. Nf1 b5 47. Rfxh2 Rxh2+ 48. Rxh2 Rxh2+ 49. Nxh2 Ke6 50. Nf1 c6 51. Ng3 Ne7 52. c4 Ng6 53. Be3 Ne7 54. Nf1 Nc8 55. Nd2 Nb6 56. Kd1 Nc8 57. Kc2 Nb6 58. Kc3 Nd7 59. b3 axb3 60. axb3 Ke7 61. Kc2 Ke6 62. Nb1 Nb6 63. cxb5 cxb5 64. Nc3 b4 65. Na4 Nd7 66. Nb2 Bc7 67. Nc4 Bd6 68. Kd2 Be7 69. Ke2 Bf8 70. Kf2 Kf7 71. f4 exf4 72. Bxf4 Ke6 73. Kf3 Be7 74. Kg3 Bf8 75. Kh4 Kf7 76. Kh5 Be7 77. Bg3 Bf8 78. Bc7 Be7 79. Bf4 Bf8 80. Kh4 Be7 81. Kg3 Ke6 82. Kf3 Bf8 83. Ne3 Be7 84. Nd5 Bf8 85. Nc7+ Kf7 86. Bg3 Be7 87. Ke3 Bf8 88. d4 cxd4+ 89. Kxd4 Nc5 90. Kc4 Nxe4 91. Bf4 Kg6 92. Nd5 Nf2 93. Ne3 Bh6 94. Bxh6 Kxh6 95. Kxb4 Kg5 96. Kc3 Kf4 97. Kd4 Nxg4 98. Nd5+ Kg5 99. b4 Ne5 100. b5 Nd7 101. Nb4 f5 102. Kd5 f4 103. Kd6 Nb6 104. Nd3 f3 105. Kc5 Na4+ 106. Kb4 Nb6 107. Kc5 Na4+ 108. Kd4 Kg4 109. Ke3 Kg3 110. Nf2 Nb6 111. Nd3 Kg2 112. Ne1+ Kg3 113. Nxf3 Kg4 114. Ke4 Kh5 115. Kf5 Kh6 116. Kf6 Kh7 117. Ng5+ Kg8 118. Ne6 Na4 119. Ke7 Kh7 120. Kd6 Kg6 121. Nf4+ Kf5 122. Nd5 Ke4 123. Kc6 Kd4 124. Kd6 Kc4 125. Kc6 Kd4 126. Nc7 Kc4 127. Ne6 Kb4 128. Nd4 Kc4 129. Nc2 Kb3 130. Ne3 Kb4 131. Nd5+ Kc4 132. Nb6+ Kb4 133. Nxa4 1-0


[Site "https://www.chess.com"]

[Event "Titled Tuesday Blitz July 4 Early 2023"]
[White "Terletsky, Oleg"]
[Black "Durarbayli, Vasif"]
[WhiteFideId "14116774"]
[BlackFideId "13402935"]
[WhiteElo "2582"]
[BlackElo "2914"]
[Result "0-1"]
[Round "2"]
[TimeControl "180+2"]
[Date "2023.07.04"]
[WhiteClock "0:00:02"]
[BlackClock "0:00:09"]
[Board "28"]

1. e4 c5 2. Nf3 d6 3. d4 cxd4 4. Nxd4 Nf6 5. Nc3 Nc6 6. Bc4 e6 7. Be3 a6 8. Qe2 Qc7 9. O-O-O Na5 10. Bb3 b5 11. Bg5 Be7 12. f4 Nxb3+ 13. axb3 b4 14. Na4 Bb7 15. e5 dxe5 16. fxe5 Nd5 17. Bxe7 Qxe7 18. h4 Rc8 19. g3 O-O 20. Rhf1 Bc6 21. Nxc6 Rxc6 22. Kb1 Rfc8 23. Rd2 h6 24. Rfd1 Qc7 25. Qe4 Qe7 26. Rc1 a5 27. Rcd1 Qa7 28. Rxd5 exd5 29. Rxd5 Rxc2 30. e6 fxe6 31. Qxe6+ Qf7 32. Qxf7+ Kxf7 33. Rxa5 Rg2 34. Nc5 Rxg3 35. Rb5 Rg4 36. Nd3 Rg1+ 37. Ka2 Ra8+ 0-1


[Site "https://www.chess.com"]

[Event "Titled Tuesday Blitz July 4 Early 2023"]
[White "Vokhidov, Shamsiddin"]
[Black "Becerra, Juan David"]
[WhiteFideId "14204223"]
[BlackFideId "4404998"]
[WhiteElo "2912"]
[BlackElo "2581"]
[Result "1-0"]
[Round "2"]
[TimeControl "180+2"]
[Date "2023.07.04"]
[WhiteClock "0:01:50"]
[BlackClock "0:00:27"]
[Board "29"]

1. e4 e5 2. Nf3 Nc6 3. Nc3 Nf6 4. Be2 Be7 5. d4 d6 6. Bb5 exd4 7. Qxd4 O-O 8. Bxc6 bxc6 9. O-O c5 10. Qd3 a5 11. Re1 Nd7 12. Nd5 Bf6 13. Nxf6+ Qxf6 14. Rb1 Ne5 15. Nxe5 Qxe5 16. b3 Ba6 17. c4 Bb7 18. Bb2 Qg5 19. Re3 f6 20. a4 Rfe8 21. Bc3 Qf4 22. Rbe1 Re7 23. g3 Qg4 24. f3 Qh3 25. Qd2 Rae8 26. Bxa5 h5 27. Bc3 h4 28. g4 c6 29. Qxd6 Bc8 30. Qd2 Rb7 31. Ba5 Be6 32. Qg2 Qxg2+ 33. Kxg2 Reb8 34. e5 f5 35. gxf5 Bxf5 36. e6 Bg6 37. e7 Re8 38. Bd8 Bc2 39. Rc3 Bf5 40. Re5 g6 41. Rxc5 1-0


[Site "https://www.chess.com"]

[Event "Titled Tuesday Blitz July 4 Early 2023"]
[White "Frolyanov, Dmitry"]
[Black "Dardha, Daniel"]
[WhiteFideId "4151976"]
[BlackFideId "240990"]
[WhiteElo "2579"]
[BlackElo "2911"]
[Result "0-1"]
[Round "2"]
[TimeControl "180+2"]
[Date "2023.07.04"]
[WhiteClock "0:00:09"]
[BlackClock "0:00:33"]
[Board "30"]

1. d4 Nf6 2. c4 e6 3. Nf3 h6 4. g3 Bb4+ 5. Bd2 c5 6. Bg2 O-O 7. O-O d5 8. cxd5 exd5 9. Bf4 c4 10. Nc3 Nc6 11. Ne5 Bf5 12. Qa4 Bxc3 13. bxc3 Qa5 14. Qxa5 Nxa5 15. g4 Bh7 16. Rac1 b5 17. h4 Rac8 18. g5 hxg5 19. hxg5 Ne4 20. f3 Nd6 21. Bh3 Bf5 22. Bxf5 Nxf5 23. Kf2 Nc6 24. Rh1 f6 25. gxf6 Rxf6 26. Rcg1 b4 27. Rh5 bxc3 28. Ng4 Rcf8 29. Nxf6+ Rxf6 30. Be5 Nxe5 31. dxe5 Rf8 32. e6 d4 33. Rgh1 Nh6 34. Rd5 Ng4+ 35. Kg3 Ne3 36. e7 Re8 37. Rh8+ Kxh8 38. Rd8 Nf5+ 39. Kf2 Nd6 0-1


[Site "https://www.chess.com"]

[Event "Titled Tuesday Blitz July 4 Early 2023"]
[White "Aravindh, Chithambaram VR."]
[Black "Pasti, Aron"]
[WhiteFideId "5072786"]
[BlackFideId "785857"]
[WhiteElo "2907"]
[BlackElo "2579"]
[Result "1-0"]
[Round "2"]
[TimeControl "180+2"]
[Date "2023.07.04"]
[WhiteClock "0:01:50"]
[BlackClock "0:01:28"]
[Board "31"]

1. d4 Nf6 2. Nf3 d5 3. e3 e6 4. Bd3 Be7 5. O-O O-O 6. b3 b6 7. Bb2 Bb7 8. Nbd2 c5 9. Ne5 Ba6 10. c4 dxc4 11. Qf3 Nbd7 12. Nc6 Qe8 13. Bxc4 Bxc4 14. Nxc4 cxd4 15. Nxe7+ Qxe7 16. Ba3 Nc5 17. exd4 1-0


[Site "https://www.chess.com"]

[Event "Titled Tuesday Blitz July 4 Early 2023"]
[White "Krstulovic, Alex"]
[Black "Zhigalko, Sergei"]
[WhiteFideId "760056"]
[BlackFideId "13502956"]
[WhiteElo "2576"]
[BlackElo "2902"]
[Result "1/2-1/2"]
[Round "2"]
[TimeControl "180+2"]
[Date "2023.07.04"]
[WhiteClock "0:00:51"]
[BlackClock "0:00:31"]
[Board "32"]

1. d4 Nf6 2. Nf3 e6 3. Bf4 b6 4. e3 Bb7 5. c4 Bb4+ 6. Nfd2 O-O 7. a3 Bd6 8. Bg3 Bxg3 9. hxg3 d6 10. Nc3 Nbd7 11. g4 h6 12. Be2 Bxg2 13. Rh2 Bb7 14. Bf3 Bxf3 15. Qxf3 Nh7 16. O-O-O f5 17. Rg1 f4 18. exf4 Qf6 19. Qe4 Qxf4 20. Qxe6+ Rf7 21. Nd5 Qxh2 22. Ne7+ Kh8 23. Ng6+ Kg8 24. Ne7+ Kh8 25. Ng6+ Kg8 26. Ne7+ 1/2-1/2


[Site "https://www.chess.com"]

[Event "Titled Tuesday Blitz July 4 Early 2023"]
[White "Erdogmus, Yagiz Kaan"]
[Black "Przybylski, Wojciech"]
[WhiteFideId "44599790"]
[BlackFideId "1117599"]
[WhiteElo "2900"]
[BlackElo "2572"]
[Result "1-0"]
[Round "2"]
[TimeControl "180+2"]
[Date "2023.07.04"]
[WhiteClock "0:00:28"]
[BlackClock "0:00:00"]
[Board "33"]

1. e4 e5 2. Nf3 Nc6 3. Bc4 Nf6 4. Ng5 d5 5. exd5 Na5 6. Bb5+ c6 7. dxc6 bxc6 8. Bd3 Bd6 9. O-O O-O 10. Nc3 Bc7 11. b4 Nb7 12. Qf3 h6 13. Nge4 Nxe4 14. Qxe4 f5 15. Qxc6 Rf6 16. Qd5+ Kh7 17. Qxd8 Bxd8 18. Bb2 e4 19. Be2 Rd6 20. d3 Bf6 21. Nd1 Be7 22. a3 a5 23. dxe4 fxe4 24. Nc3 Bf6 25. Rab1 axb4 26. Nxe4 Bxb2 27. Rxb2 bxa3 28. Rxb7 Bxb7 29. Nxd6 a2 30. Bd3+ Kg8 31. Bc4+ Kf8 32. Bxa2 Bc6 33. Bb3 Rd8 34. Nc4 Bb5 35. Re1 Rd4 36. Ne5 g5 37. f3 Kg7 38. c4 Ba6 39. Rd1 Rxd1+ 40. Bxd1 Kf6 41. Ng4+ 1-0


[Site "https://www.chess.com"]